 Dungeon Crawl Stone Soup version 0.23.2-40-g277498a001 (webtiles) character file.

Game seed: 17673290684802326938

6581 MalarOregon the Firebug (level 10, -1/86 HPs)
             Began as a Grey Draconian Fire Elementalist on Sept 10, 2019.
             Was a Priest of Kikubaaqudgha.
             Slain by a centaur (8 damage)
             ... on level 9 of the Dungeon.
             The game lasted 00:21:26 (10160 turns).

MalarOregon the Firebug (DrFE)                     Turns: 10160, Time: 00:21:27

Health: -1/86      AC: 16    Str: 10    XL:     10   Next: 71%
Magic:  19/19      EV: 13    Int: 19    God:    Kikubaaqudgha [***...]
Gold:   646        SH: 10    Dex: 12    Spells: 3/21 levels left

rFire    . . .     SeeInvis .   y - +6 war axe of the Candelabrum {chop, rElec}
rCold    . . .     Gourm    .   i - +1 shield
rNeg     . . .     Faith    .   (armour unavailable)
rPois    .         Spirit   .   m - +2 hat
rElec    +         Reflect  .   (no cloak)
rCorr    .         Harm     .   (no gloves)
MR       .....                  (no boots)
Stlth    ++........             (no amulet)
HPRegen  0.24/turn              x - +2 ring of protection
MPRegen  0.16/turn              (no ring)

@: no status effects
A: walk through water, unfitting armour, unbreathing, cold-blooded, AC +12
a: Receive Corpses, Renounce Religion


You were on level 9 of the Dungeon.
You worshipped Kikubaaqudgha.
Kikubaaqudgha was most pleased with you.
You were very hungry.

You visited 2 branches of the dungeon, and saw 10 of its levels.
You also visited: Ossuary.

You collected 646 gold pieces.

Inventory:

Hand Weapons
 y - the +6 war axe of the Candelabrum (weapon) {chop, rElec}
   (You found it on level 5 of the Dungeon)

   It inflicts extra damage upon your enemies.
   It insulates you from electricity.
Missiles
 w - 3 throwing nets (quivered) {!f}
Armour
 i - a +1 shield (worn)
   (You found it on level 6 of the Dungeon)
 m - a +2 hat (worn)
   (You found it on level 3 of the Dungeon)
Jewellery
 l - an uncursed ring of protection from magic
   (You took it off a big kobold on level 8 of the Dungeon)
 x - a +2 ring of protection (left hand)
   (You found it on level 5 of the Dungeon)
Wands
 u - a wand of paralysis (7)
   (You found it on level 8 of the Dungeon)
Scrolls
 b - 5 scrolls of identify {@r1}
 c - 6 scrolls of remove curse {@r2}
 j - 2 scrolls of teleportation {@r4}
 o - 3 scrolls of fog
 p - a scroll of magic mapping
 q - a scroll of immolation {!r}
 s - a scroll of enchant armour
Potions
 a - a potion of lignification {unknown}
 d - a potion of resistance
 f - 2 potions of haste {@q3}
 g - 2 potions of agility
 h - 2 potions of might
 k - 4 potions of heal wounds {@q2}
 n - 3 potions of curing {@q1}
 r - 2 potions of invisibility
 v - a potion of mutation {unknown}
 z - 5 potions of flight
 B - a potion of ambrosia {unknown}
Comestibles
 e - 16 rations {!d}


   Skills:
 + Level 7.1 Fighting
 + Level 6.3 Dodging
 - Level 1.7 Stealth
 + Level 5.1 Shields
 + Level 6.4 Spellcasting
 + Level 6.7 Conjurations
 + Level 4.0 Necromancy
 + Level 7.3 Fire Magic


You had 3 spell levels left.
You knew the following spells:

 Your Spells              Type           Power        Failure   Level  Hunger
a - Flame Tongue          Conj/Fire      ####.        2%          1    None
b - Vampiric Draining     Necr           ###.......   22%         3    ##.....
d - Dispel Undead         Necr           ###.....     90%         5    #####..
q - Sticky Flame          Conj/Fire      ####....     22%         4    ####...
x - Fireball              Conj/Fire      ####......   52%         5    #####..

Your spell library contained the following spells:

 Spells                   Type           Power        Failure   Level  Hunger
 Magic Dart               Conj           ####         2%          1    None
 Searing Ray              Conj           ####..       3%          2    None
 Throw Flame              Conj/Fire      ####..       3%          2    None
 Conjure Flame            Conj/Fire      ####....     6%          3    ##.....
 Animate Skeleton         Necr           N/A          8%          1    None
 Pain                     Necr           ###.         8%          1    None
 Sublimation of Blood     Necr           ###.......   11%         2    None
 Inner Flame              Hex/Fire       ###.....     26%         3    ##.....
 Dazzling Spray           Conj/Hex       ###...       28%         3    ##.....
 Iskenderun's Mystic Bla  Conj           ####....     24%         4    ####...
 Animate Dead             Necr           N/A          58%         4    ####...
 Force Lance              Conj/Tloc      ###.....     67%         4    ####...
 Fulminant Prism          Conj/Hex       ###.......   67%         4    ####...
 Excruciating Wounds      Chrm/Necr      ##........   99%         5    #####..
 Death Channel            Necr           ###.......   100%        6    #######
 Simulacrum               Ice/Necr       ##........   100%        6    #######


Dungeon Overview and Level Annotations

Branches:
Dungeon (9/15)             Temple (1/1) D:5
   Lair: D:8-11         Orc: D:9-12

Altars:
Ashenzari
Cheibriados
Dithmenos
Elyvilon
Fedhas
Gozag
Hepliaklqana
Kikubaaqudgha
Makhleb
Nemelex Xobeh
Okawaru
Qazlal
Ru
Sif Muna
Trog
Uskayaw
Vehumet
Wu Jian
Xom
Yredelemnul
Zin
The Shining One
Lugonu

Shops:
D:4 }

Annotations:
D:3 1 runed translucent door, Name63's ghost, amateur GnWn
D:9 2 transporters, harness's ghost, novice DrTm


Innate Abilities, Weirdness & Mutations

You can walk through water.
Your dull iron-grey scales are very hard. (AC +12)
You cannot fit into any form of body armour.
You can survive without breathing.
You are cold-blooded and may be slowed by cold attacks.


Message History

You hit the yak.
You kill the yak!
Kikubaaqudgha accepts your kill.
You hit the yak but do no damage. You slash the yak!
The yak gores you but does no damage. The yak gores you.
* * * LOW HITPOINT WARNING * * *
You hit the yak but do no damage. You hit the yak. The yak gores you.
* * * LOW HITPOINT WARNING * * *
The yak barely misses you. The yak gores you but does no damage.
The yak misses you.
You hit the yak. You tail-slap the yak. You slash the yak! The yak gores you!
* * * LOW HITPOINT WARNING * * *
The yak misses you. The yak closely misses you.
You barely miss the yak. You hit the yak. The yak barely misses you.
The yak closely misses you. The yak misses you.
Unknown command.
You barely miss the yak. You slash the yak! The yak barely misses you.
You block the yak's attack. The yak misses you. x2
Unknown command.
Your shield prevents you from hitting the yak.
You barely miss the yak. The yak gores you.
* * * LOW HITPOINT WARNING * * *
The yak gores you but does no damage.
You slash the yak!
You kill the yak!
Kikubaaqudgha accepts your kill.
You hit the yak.
You kill the yak!
Kikubaaqudgha accepts your kill.
Your Necromancy skill increases to level 4!
The centaur shoots an arrow.
The arrow hits you!
* * * LOW HITPOINT WARNING * * *
The centaur shoots an arrow.
The arrow hits you.
* * * LOW HITPOINT WARNING * * *
The centaur shoots an arrow.
The arrow closely misses you.
Unknown command.
The centaur unwields a +0 shortbow.
The centaur misses you.
Unknown command.
You barely miss the centaur.
The centaur hits you but does no damage. x2
Unknown command.
You feel better. You block the centaur's attack. The centaur misses you.
You hit the centaur but do no damage. The centaur hits you!
* * * LOW HITPOINT WARNING * * *
The centaur hits you but does no damage.
You hit the centaur.
You tail-slap the centaur, but do no damage.
The centaur hits you!
You die...
Kikubaaqudgha rasps: "You have failed me!
Welcome... death!"

... .. ..##### .....
.... #..# #c.# #@†#
#(.#
################..#
..................#####
#######
.......................
.......
............#.(........
.......
####.©.####...#########
####### # ##### ##..#
..(lW... #..#


You could see a centaur.

Vanquished Creatures
  Harold (D:7)
  2 hippogriffs
  9 yaks (D:9)
  A hungry ghost (D:7)
  2 black bears (D:7)
  4 orc warriors
  An ice beast (D:5)
  5 ogres
  2 sky beasts
  3 phantoms
  3 big kobolds
  2 bullfrogs
  3 scorpions
  5 killer bees (D:7)
  A howler monkey (D:4)
  4 wights (D:8)
  4 crimson imps
  A centaur zombie (D:5)
  3 hounds (D:8)
  2 jellies
  5 orc priests
  9 orc wizards
  3 centaur skeletons
  3 iguanas
  Jessica (D:3)
  2 bullfrog skeletons
  Natasha (thrice) (D:2)
  5 worker ants
  A killer bee zombie (D:8)
  A hound skeleton (D:4)
  8 mummies (Ossuary)
  2 worker ant zombies
  A howler monkey skeleton (D:9)
  A howler monkey zombie (D:6)
  10 adders
  7 gnolls (D:5)
  An adder skeleton (D:4)
  6 worms
  2 dart slugs (D:1)
  4 leopard geckos
  28 orcs
  A ball python (D:2)
  7 giant cockroaches
  A gnoll zombie (Ossuary)
  15 goblins
  12 hobgoblins
  5 jackals
  18 kobolds
  2 quokkas
  11 bats
  3 frilled lizards
  3 hobgoblin zombies (Ossuary)
  A jackal skeleton (D:8)
  2 kobold zombies (Ossuary)
  A leopard gecko skeleton (D:6)
  2 orc zombies (Ossuary)
  4 rats
249 creatures vanquished.

Notes
Turn   | Place    | Note
-------+----------+-------------------------------------------
     0 | D:1      | MalarOregon the Draconian Fire Elementalist began the quest
                  | for the Orb.
     0 | D:1      | Reached XP level 1. HP: 14/14 MP: 3/3
   144 | D:1      | Reached XP level 2. HP: 21/22 MP: 0/5
   497 | D:1      | Reached skill level 1 in Fighting
   656 | D:1      | Reached XP level 3. HP: 26/28 MP: 6/6
   915 | D:2      | Noticed Natasha
  1083 | D:2      | Killed Natasha
  1209 | D:2      | Reached XP level 4. HP: 35/35 MP: 3/7
  1983 | D:2      | Noticed an ogre
  1999 | D:2      | Killed an ogre
  1999 | D:2      | Reached XP level 5. HP: 19/42 MP: 1/9
  2306 | D:2      | Noticed Natasha
  2319 | D:2      | Killed Natasha
  2425 | D:2      | Found a glowing golden altar of the Shining One.
  2550 | D:2      | Noticed Natasha
  2566 | D:2      | HP: 2/42 [Natasha/magic dart (4)]
  2567 | D:2      | Killed Natasha
  2954 | D:3      | Found a runed translucent door.
  2959 | D:3      | Reached XP level 6. HP: 50/50 MP: 10/10
  3676 | D:3      | Noticed Jessica
  3684 | D:3      | Killed Jessica
  3810 | D:3      | Noticed Name63's ghost (amateur GnWn)
  3988 | D:4      | Found Cokkemp's Gadget Shoppe.
  4160 | D:4      | Found a blossoming altar of Fedhas.
  5059 | D:5      | Entered Level 5 of the Dungeon
  5074 | D:5      | Your scales start taking on a dull iron-grey colour.
  5074 | D:5      | Reached XP level 7. HP: 55/57 MP: 12/12
  5074 | D:5      | Gained mutation: You can survive without breathing. [Grey
                  | Draconian growth]
  5163 | D:5      | Got a shimmering war axe
  5170 | D:5      | Found a hide-covered altar of Uskayaw.
  5259 | D:5      | Found a bloodstained altar of Trog.
  5260 | D:5      | Identified the +6 war axe of the Candelabrum {chop, rElec}
                  | (You found it on level 5 of the Dungeon)
  5264 | D:5      | Found a shadowy altar of Dithmenos.
  5267 | D:5      | Found a hazy altar of Hepliaklqana.
  5378 | D:5      | Found a snail-covered altar of Cheibriados.
  5401 | D:5      | Found a staircase to the Ecumenical Temple.
  6324 | D:4      | Learned a level 5 spell: Fireball
  6329 | D:4      | Learned a level 4 spell: Sticky Flame
  6362 | Temple   | Entered the Ecumenical Temple
  6403 | Temple   | Became a worshipper of Kikubaaqudgha
  6445 | D:5      | Reached skill level 5 in Fire Magic
  6563 | D:6      | Found a shimmering altar of Xom.
  6577 | D:6      | Reached XP level 8. HP: 59/66 MP: 14/14
  6593 | D:6      | Reached skill level 1 in Shields
  6795 | D:6      | Found an ornate altar of the Wu Jian Council.
  7341 | D:7      | Found a glowing silver altar of Zin.
  7463 | D:7      | Found a sparkling altar of Nemelex Xobeh.
  7576 | D:7      | Reached skill level 5 in Fighting
  7596 | D:7      | Found a basalt altar of Yredelemnul.
  7598 | D:7      | Reached skill level 5 in Conjurations
  7632 | D:7      | Reached skill level 5 in Spellcasting
  7637 | D:7      | Reached XP level 9. HP: 53/74 MP: 11/16
  7638 | D:7      | Reached * piety under Kikubaaqudgha
  7638 | D:7      | Identified Kikubaaqudgha's Reference Book on Unholy Rituals
                  | (Kikubaaqudgha gifted it to you on level 7 of the Dungeon)
  7638 | D:7      | Received a gift from Kikubaaqudgha
  7656 | D:7      | Learned a level 3 spell: Vampiric Draining
  7679 | D:7      | Reached skill level 5 in Dodging
  7822 | D:7      | Noticed Harold
  7851 | D:7      | Killed Harold
  7851 | D:7      | Reached skill level 1 in Necromancy
  8844 | D:8      | Found a sand-covered staircase.
  8975 | Ossuary  | Entered an ossuary
  9013 | Ossuary  | Reached ** piety under Kikubaaqudgha
  9184 | D:8      | Reached XP level 10. HP: 76/83 MP: 18/18
  9518 | D:8      | Reached *** piety under Kikubaaqudgha
  9518 | D:8      | Identified Kikubaaqudgha's Handbook of Darkness
                  | (Kikubaaqudgha gifted it to you on level 8 of the Dungeon)
  9518 | D:8      | Received a gift from Kikubaaqudgha
  9527 | D:8      | Learned a level 5 spell: Dispel Undead
  9749 | D:9      | Found a stormy altar of Qazlal.
  9779 | D:9      | Noticed a two-headed ogre
  9787 | D:9      | Noticed harness's ghost (novice DrTm)
 10105 | D:9      | Found a transporter.
 10111 | D:9      | Noticed a moth of wrath
 10121 | D:9      | Found a transporter.
 10146 | D:9      | Reached skill level 5 in Shields
 10155 | D:9      | HP: 2/86 [centaur/arrow (6)]
 10160 | D:9      | Slain by a centaur

Skill      XL: |  1  2  3  4  5  6  7  8  9 10 |
---------------+-------------------------------+-----
Dodging        | 2 3 4 5 6 |  6.3
Fighting       | 1 2 3 4 5 6 7 |  7.1
Conjurations   | 2 3 4 5 6 |  6.7
Spellcasting   | 3 4 5 6 |  6.4
Fire Magic     | 4 5 6 7 |  7.3
Shields        | 2 4 5 |  5.1
Necromancy     | 2 4 |  4.0
Stealth        | |  1.7

Action                   |  1- 3 |  4- 6 |  7- 9 | 10-12 || total
-------------------------+-------+-------+-------+-------++-------
Melee: Unarmed           |     9 |       |       |       ||     9
       Tailslap          |     7 |     8 |    20 |    17 ||    52
       Dagger            |    65 |    29 |       |       ||    94
       Short sword       |       |   135 |    27 |       ||   162
       War axe           |       |       |   231 |   172 ||   403
 Cast: Flame Tongue      |    18 |    42 |    40 |     7 ||   107
       Sticky Flame      |       |       |       |     2 ||     2
  Use: Scroll            |       |       |    20 |     2 ||    22
       Potion            |       |       |       |     3 ||     3
 Stab: Sleeping          |     2 |     6 |     4 |     1 ||    13
  Eat: Chunk             |     1 |    12 |    16 |     3 ||    32
Armor: Skin              |    15 |    54 |   156 |    83 ||   308
Dodge: Dodged            |    54 |   136 |   199 |   130 ||   519
Block: Shield            |       |       |   150 |    97 ||   247
